 Dungeon Crawl Stone Soup version 0.28.0-45-g0d030f2227 (webtiles) character file.

Game seed: 12639116168350816315

8922 Kenran the Grappler (level 11, -6/89 HPs)
             Began as a Palentonga Fighter on Apr 24, 2022.
             Was a High Priest of Ignis.
             Mangled by a tengu warrior
             ... wielding a +0 war axe
              (10 damage)
             ... on level 9 of the Dungeon.
             The game lasted 00:20:53 (11663 turns).

Kenran the Grappler (Palentonga Fighter)           Turns: 11663, Time: 00:20:54

Health: -6/89      AC: 16    Str: 23    XL:     11   Next: 16%
Magic:  11/11      EV:  9    Int:  8    God:    Ignis [*****.]
Gold:   375        SH:  5    Dex: 11    Spells: 10/10 levels left

rFire   + + +      SeeInvis +     - Unarmed
rCold   + . .      Faith    .   b - +0 buckler
rNeg    . . .      Spirit   .   p - +0 troll leather armour
rPois   +          Reflect  .   (no helmet)
rElec   +          Harm     .   q - +2 cloak
rCorr   +          Rampage  .   (no gloves)
Will    +....                   (no barding)
Stlth   +.........              B - amulet of the acrobat
HPRegen 1.04/turn               r - ring of willpower
MPRegen 0.12/turn               j - ring of protection from fire

@: resistant, curled up
A: large, rugged brown scales 3, see invisible, deformed body, roll 1, armoured
tail, reflexive curl
a: Rolling Charge, Renounce Religion, Fiery Armour, Foxfire Swarm, Rising Flame


You were on level 9 of the Dungeon.
You worshipped Ignis.
Ignis was extremely pleased with you.
You visited 2 branches of the dungeon, and saw 10 of its levels.

You collected 399 gold pieces.
You spent 24 gold pieces at shops.

Inventory:

Armour
 b - a +0 buckler (worn)
 p - a +0 troll leather armour (worn)
 q - a +2 cloak (worn)
Jewellery
 j - a ring of protection from fire (right hand)
 r - a ring of willpower (left hand)
 B - an amulet of the acrobat (around neck)
Wands
 a - a wand of charming (6)
 s - a wand of acid (1)
 v - a wand of flame (4)
Scrolls
 d - 2 scrolls of teleportation
 f - a scroll of enchant weapon
 h - 2 scrolls of immolation {unknown}
 i - a scroll of vulnerability {unknown}
 k - 4 scrolls of blinking
 m - 3 scrolls of silence {unknown}
 n - 3 scrolls of enchant armour {unknown}
 o - 2 scrolls of fog {unknown}
 t - 2 scrolls of brand weapon {unknown}
 y - a scroll of amnesia {unknown}
 z - 2 scrolls of identify
Potions
 c - 2 potions of invisibility
 e - a potion of magic
 g - a potion of flight {unknown}
 l - a potion of berserk rage {unknown}
 u - a potion of brilliance
 x - a potion of mutation {unknown}
 A - a potion of attraction {unknown}


   Skills:
 + Level 7.5 Fighting
 + Level 5.4 Armour
 - Level 2.0 Dodging
 + Level 4.5 Shields
 - Level 14.0 Unarmed Combat


You had 10 spell levels left.
You didn't know any spells.
Your spell library was empty.

Dungeon Overview and Level Annotations

Branches:
Dungeon (9/15)             Temple (1/1) D:6            Lair (0/6) D:8
    Orc: D:9-12

Altars:
Cheibriados
Dithmenos
Elyvilon
Fedhas
Gozag
Hepliaklqana
Kikubaaqudgha
Makhleb
Nemelex Xobeh
Okawaru
Qazlal
Ru
Trog
Uskayaw
Vehumet
Wu Jian
Xom
Yredelemnul
Zin
The Shining One
Ignis

Shops:
D:2 ?

Annotations:
D:5 2 transporters, Omnilove's ghost, amateur TeAE
D:7 exclusion: downstairs
D:8 exclusions: downstairs and 2 more exclusions


Innate Abilities, Weirdness & Mutations

You are completely covered in rugged brown scales. (AC +3, +7% HP)
You have supernaturally acute eyesight. (SInv)
Armour fits poorly on your strangely shaped body.
You can roll at nearby foes to attack.
You have a long armoured tail.
You curl defensively after being hit. (AC +7*)


Message History

The bolt of acid hits the tengu warrior.
The tengu warrior is lightly wounded.
The tengu warrior hits you with a +0 war axe!
* * * LOW HITPOINT WARNING * * *
The tengu warrior pecks you but does no damage.
The tengu warrior claws you but does no damage.
Aiming: Corrosive Bolt
Press: ? - help, Shift-Dir - straight line, f/p - tengu warrior
Aim: a tengu warrior, wielding a +0 war axe, wearing a +0 ring mail and wearing a +0 buckler (lightly wounded, 50% to hit)
The bolt of acid hits the tengu warrior!
The acid corrodes the tengu warrior!
The tengu warrior is moderately wounded.
The tengu warrior hits you with a +0 war axe!
* * * LOW HITPOINT WARNING * * *
The tengu warrior pecks you but does no damage.
You block the tengu warrior's attack.
Aiming: Corrosive Bolt
Press: ? - help, Shift-Dir - straight line, f/p - tengu warrior
Aim: a tengu warrior, wielding a +0 war axe, wearing a +0 ring mail and wearing a +0 buckler (moderately wounded, covered in acid, 50% to hit)
The bolt of acid misses the tengu warrior.
The tengu warrior hits you with a +0 war axe!
* * * LOW HITPOINT WARNING * * *
The tengu warrior barely misses you.
The tengu warrior claws you but does no damage.
Okay, then.
Aiming: Corrosive Bolt
Press: ? - help, Shift-Dir - straight line, f/p - tengu warrior
Aim: a tengu warrior, wielding a +0 war axe, wearing a +0 ring mail and wearing a +0 buckler (moderately wounded, covered in acid, 50% to hit)
The bolt of acid hits the tengu warrior!
The tengu warrior is heavily wounded.
The tengu warrior closely misses you.
The tengu warrior pecks you but does no damage.
The tengu warrior closely misses you.
Aiming: Corrosive Bolt
Press: ? - help, Shift-Dir - straight line, f/p - tengu warrior
Aim: a tengu warrior, wielding a +0 war axe, wearing a +0 ring mail and wearing a +0 buckler (heavily wounded, covered in acid, 50% to hit)
The bolt of acid hits the tengu warrior!!
The tengu warrior is almost dead.
The tengu warrior hits you with a +0 war axe!
You die...

.# #.# .# #.######
### #......# ..#
######.# #.#
#.####### #.#####
#.......# #.#...#
######.## #.#.#.#
#######.# #.#.#.#
#....Q@.# ..#.#.#
#.####### ###.#.#
#.# #ยง# ....#.# #[#
#)#
#####.#####.####.###
#.....#.##...(.#
#########.#.##.#..##
.....####.#.##.#..#
........#.#.##Q#..#


You could see a tengu warrior (corroded).

Vanquished Creatures
  A two-headed ogre (D:9)
  A tengu warrior (D:8)
  Joseph (D:8)
  2 trolls
  A meliai (D:9)
  Grinder (D:3)
  2 hornets (D:9)
  Prince Ribbit (D:8)
  A slime creature (D:8)
  6 yaks (D:7)
  Eustachio (D:5)
  4 orc warriors
  2 black bears
  A necrophage (D:5)
  An ice beast (D:6)
  3 wolves (D:8)
  3 ogres
  4 centaurs
  A phantom (D:5)
  2 kobold brigands
  6 bullfrogs
  A gnoll sergeant (D:8)
  A wyvern zombie (D:8)
  A scorpion (D:4)
  A wyvern skeleton (D:7)
  12 killer bees (D:7)
  3 howler monkeys
  3 wights (D:8)
  6 electric eels (D:8)
  2 centaur zombies
  3 bullfrog zombies
  4 hounds
  2 jellies
  3 orc priests (D:6)
  2 bullfrog skeletons (D:6)
  A centaur skeleton (D:7)
  8 iguanas
  7 orc wizards
  4 gnolls (D:8)
  8 adders
  4 river rats (D:5)
  An adder skeleton (D:4)
  A worm (D:2)
  A dart slug (D:3)
  29 orcs
  4 bats
  6 endoplasms
  4 giant cockroaches
  11 goblins
  12 hobgoblins
  10 jackals
  3 quokkas
  7 ball pythons
  5 frilled lizards
  10 kobolds
  3 rats (D:1)
228 creatures vanquished.

Vanquished Creatures (others)
  55 plants (D:5)
55 creatures vanquished.

Grand Total: 283 creatures vanquished

Notes
Turn   | Place    | Note
-------+----------+-------------------------------------------
     0 | D:1      | Kenran the Palentonga Fighter began the quest for the Orb.
     0 | D:1      | Reached XP level 1. HP: 19/19 MP: 1/1
   521 | D:1      | Reached XP level 2. HP: 25/25 MP: 2/2
  1470 | D:2      | Reached XP level 3. HP: 30/31 MP: 3/3
  1707 | D:2      | Found Fostryar's Magic Scroll Shop.
  1716 | D:2      | Bought a scroll of identify for 24 gold pieces
  1867 | D:2      | Found a faded altar of an unknown god.
  1870 | D:2      | Prayed at the altar of an unknown god.
  1870 | D:2      | Became a worshipper of Ignis, the Dying Flame
  1887 | D:2      | Reached skill level 3 in Unarmed Combat
  2332 | D:2      | Noticed a black bear
  2495 | D:3      | Reached XP level 4. HP: 37/37 MP: 4/4
  2517 | D:3      | Noticed Grinder
  2522 | D:3      | Paralysed by Grinder for 6 turns
  2537 | D:3      | Paralysed by Grinder for 3 turns
  2545 | D:3      | Killed Grinder
  2546 | D:3      | Reached skill level 4 in Unarmed Combat
  2546 | D:3      | Reached XP level 5. HP: 5/44 MP: 5/5
  2546 | D:3      | Reached XP level 6. HP: 6/51 MP: 6/6
  3511 | D:4      | Reached skill level 5 in Unarmed Combat
  3652 | D:4      | Gained mutation: You curl defensively after being hit. (AC
                  | +7*) [Palentonga growth]
  3652 | D:4      | Reached XP level 7. HP: 55/57 MP: 7/7
  3684 | D:4      | Reached skill level 6 in Unarmed Combat
  4150 | D:5      | Entered Level 5 of the Dungeon
  4151 | D:5      | Found a transporter.
  4154 | D:5      | Found a transporter.
  4154 | D:5      | Noticed Omnilove's ghost (amateur TeAE)
  4170 | D:5      | Reached skill level 7 in Unarmed Combat
  4196 | D:5      | HP: 2/57 [river rat (3)]
  4734 | D:5      | Found a blossoming altar of Fedhas.
  4749 | D:5      | Reached skill level 8 in Unarmed Combat
  4749 | D:5      | Reached XP level 8. HP: 40/64 MP: 8/8
  4983 | D:5      | Noticed Eustachio
  5258 | D:5      | Killed Eustachio
  5259 | D:5      | Reached skill level 9 in Unarmed Combat
  6002 | D:6      | Reached skill level 10 in Unarmed Combat
  6009 | D:6      | Reached XP level 9. HP: 29/70 MP: 9/9
  6258 | D:6      | Found a staircase to the Ecumenical Temple.
  6389 | Temple   | Entered the Ecumenical Temple
  6746 | D:6      | Found an ancient bone altar of Kikubaaqudgha.
  6966 | D:6      | Reached skill level 5 in Fighting
  7575 | D:7      | Reached skill level 11 in Unarmed Combat
  8176 | D:7      | Reached skill level 1 in Dodging
  9070 | D:8      | Noticed a troll
  9097 | D:7      | Killed a troll
  9356 | D:8      | Noticed a meliai
  9429 | D:7      | Reached XP level 10. HP: 77/81 MP: 10/10
  9451 | D:8      | Noticed Joseph
  9471 | D:7      | Reached skill level 12 in Unarmed Combat
  9554 | D:7      | Reached skill level 5 in Armour
  9767 | D:8      | Killed Joseph
  9997 | D:8      | Reached skill level 13 in Unarmed Combat
 10014 | D:8      | Noticed Prince Ribbit
 10025 | D:8      | Killed Prince Ribbit
 10261 | D:8      | Found a staircase to the Lair.
 10498 | D:9      | Noticed a tengu warrior
 10509 | D:9      | Paralysed by a hornet for 2 turns
 10522 | D:9      | Noticed a two-headed ogre
 10540 | D:8      | Killed a tengu warrior
 10707 | D:9      | HP: 3/84 [orc/+0 mace (4)]
 10841 | D:9      | Reached XP level 11. HP: 61/89 MP: 11/11
 10944 | D:9      | Killed a two-headed ogre
 11619 | D:8      | Noticed a tengu warrior
 11625 | D:8      | Reached skill level 14 in Unarmed Combat
 11661 | D:9      | HP: 2/89 [tengu warrior/+0 war axe (13)]
 11663 | D:9      | Mangled by a tengu warrior

Illustrated notes

Levels and vault maps discovered:
D:1:      minmay_arrival_nine_rooms, layout_loops_corners, minmay_cut_off
D:2:      layout_loops_ring, serial_shops, shop, serial_aquarium,
          aquarium_bridge_square [aquarium_subvault_wall,
          aquarium_subvault_bridge, aquarium_subvault_wall,
          aquarium_subvault_bridge], aquarium_window_fake, aquarium_window_1,
          aquarium_window_fake, aquarium_window_2, aquarium_view_2e,
          aquarium_pool_four, shapermc_ecumenical_altar_venn,
          lightli_corner_chamber
D:3:      layout_basic, uniq_grinder
D:4:      layout_rooms, grunt_decor_cap, nzn_random_ring
D:5:      wad_woods_stonehenge, layout_cave_pools, gammafunk_ghost_arena,
          uniq_eustachio
D:6:      layout_rooms, overflow_temple_1_default,
          minmay_temple_entry_antechambers, kennysheep_minor_cross,
          kennysheep_generic_room_11
D:7:      layout_loops_ring
D:8:      cheibrodos_elevator_heist, layout_basic, erik_lair_island,
          uniq_prince_ribbit1, uniq_joseph
D:9:      layout_basic, wad_floor_pattern_untrapped
Temple:   mainiacjoe_temple_trianglar_array

Skill      XL: |  1  2  3  4  5  6  7  8  9 10 11 |
---------------+----------------------------------+-----
Unarmed Combat | 3 4 5 8 10 11 13 14 | 14.0
Fighting       | 4 6 7 |  7.5
Armour         | 3 4 5 |  5.4
Shields        | 3 4 |  4.5
Dodging        | 2 |  2.0

Action                   |  1- 3 |  4- 6 |  7- 9 | 10-12 || total
-------------------------+-------+-------+-------+-------++-------
Melee: Unarmed           |   183 |    72 |   444 |   233 ||   932
       Tailslap          |    16 |    10 |    63 |    31 ||   120
Evoke: Wand              |       |       |       |    12 ||    12
  Use: Scroll            |     3 |       |     2 |     1 ||     6
       Potion            |       |     1 |     6 |     4 ||    11
 Stab: Invisible         |       |       |       |     4 ||     4
Armor: Scale mail        |    76 |    34 |   239 |       ||   349
       Troll leather arm |       |       |    10 |   108 ||   118
Dodge: Dodged            |    50 |    21 |   168 |   117 ||   356
Block: Buckler           |    32 |     8 |   127 |    61 ||   228
